 Dungeon Crawl Stone Soup version 0.21.0-26-g889b8f6 (webtiles) character file.

1754401 Kenran the Conqueror (level 27, 199/199 HPs)
             Began as a Gargoyle Fighter on Jan 27, 2018.
             Was an Initiate of Gozag.
             Escaped with the Orb
             ... and 3 runes!
             The game lasted 02:42:30 (68096 turns).

Kenran the Conqueror (Gargoyle Fighter)            Turns: 68096, Time: 02:42:30

Health: 199/199    AC: 69    Str: 28    XL:     27
Magic:  36/36      EV: 25    Int: 13    God:    Gozag
Gold:   12914      SH: 17    Dex: 21    Spells: 23/26 levels left

rFire    + . .     SeeInvis .   a - +9 eveningstar (drain)
rCold    + . .     Gourm    .   j - +2 shield {rF+}
rNeg     + . .     Faith    .   N - +10 plate armour {rF+}
rPois    ∞         Spirit   +   u - +1 hat of the Lost Lives {rF- MR+ Slay+2 Stlth+}
rElec    +         Reflect  .   G - +2 cloak
rCorr    .         Harm     .   I - +2 pair of gloves {Str+3}
MR       ++++.                  H - +2 pair of boots {run}
Stlth    ..........             R - amulet "Raommesk" {Spirit rElec}
HPRegen  0.43/turn              X - ring "Ycwed" {+Blink AC+3 Str+3}
MPRegen  0.25/turn              Q - ring of protection from cold

@: agile, gold aura, flying, very slightly contaminated, hasted, invisible, very
quick
A: big wings, clever 2, magic resistance 1, negative energy resistance 1, sense
surroundings 1, electricity resistance, weak 2, wild magic 1, unbreathing,
petrification resistance, rot immunity, AC +20
0: Orb of Zot
}: 3/15 runes: serpentine, barnacled, silver
a: Stop Flying, Potion Petition, Call Merchant, Bribe Branch, Renounce Religion,
Evoke Blink


You escaped.
You worshipped Gozag.
Gozag was extremely pleased with you.
You were not hungry.

You visited 9 branches of the dungeon, and saw 47 of its levels.
You visited the Abyss 2 times.
You also visited: Ice Cave and Wizlab.

You collected 33086 gold pieces.
You spent 3491 gold pieces at shops.
You paid 16681 gold pieces to Gozag.

Inventory:

Hand Weapons
 a - a +9 eveningstar of draining (weapon)
Armour
 j - a +2 shield of fire resistance (worn)
 u - the +1 hat of the Lost Lives (worn) {rF- MR+ Slay+2 Stlth+}
   (You found it on level 2 of the Vaults)

   It affects your accuracy and damage with ranged weapons and melee attacks
   (+2).
   It makes you vulnerable to fire.
   It affects your resistance to hostile enchantments.
   It makes you more stealthy.
 G - a +2 cloak (worn)
 H - a +2 pair of boots of running (worn)
 I - a +2 pair of gloves of strength (worn)
 N - a +10 plate armour of fire resistance (worn)
Jewellery
 F - an uncursed ring of see invisible
 Q - a ring of protection from cold (right hand)
 R - the amulet "Raommesk" (around neck) {Spirit rElec}
   (You found it on level 4 of the Shoals)

   [amulet of guardian spirit]

   It causes incoming damage to be split between your health and magic.
   It insulates you from electricity.
 X - the ring "Ycwed" (left hand) {+Blink AC+3 Str+3}
   (You found it on level 3 of the Depths)

   [ring of protection]

   It affects your AC (+3).
   It affects your strength (+3).
   It lets you blink.
 Y - the ring "Megaryci" {rC+ Dex+3}
   (You took it off an ogre mage on level 5 of the Vaults)

   [ring of protection from cold]

   It affects your dexterity (+3).
   It protects you from cold.
 Z - the ring of Limitation {rF+ MP+9}
   (You took it off a tengu reaver on level 5 of the Vaults)

   [ring of magical power]

   It protects you from fire.
   It affects your magic capacity (+9).
Wands
 d - a wand of iceblast (22)
 i - a wand of clouds (9)
 k - a wand of polymorph (85)
 B - a wand of paralysis (5)
 J - a wand of scattershot (14)
 L - a wand of acid (16)
 U - a wand of digging (8)
 V - a wand of disintegration (27)
Scrolls
 b - 39 scrolls of remove curse {@r2}
 h - 3 scrolls of fear
 n - 13 scrolls of teleportation {@r4}
 s - a scroll of summoning
 t - 8 scrolls of identify {@r1}
 v - 2 scrolls of magic mapping
 x - 5 scrolls of blinking {@r3}
 y - 2 scrolls of holy word
 M - 4 scrolls of fog
Potions
 e - 11 potions of lignification {!q}
 g - 4 potions of resistance
 l - 12 potions of curing {@q1}
 m - 3 potions of mutation {!q}
 o - 10 potions of might {@q4}
 p - 5 potions of cancellation {@q6}
 r - 4 potions of invisibility
 w - 7 potions of heal wounds {@q2}
 z - 3 potions of ambrosia
 A - 7 potions of brilliance
 D - 5 potions of agility {@q5}
 E - 5 potions of haste {@q3}
 O - 3 potions of magic
 T - 2 potions of berserk rage {!q}
Miscellaneous
 q - 2 sacks of spiders
 C - a lamp of fire
 K - a lightning rod (4/4) {!a}
 P - a fan of gales
 S - 2 phantom mirrors
 W - a phial of floods
Comestibles
 f - 16 rations


   Skills:
 O Level 27 Fighting
 - Level 20.0 Maces & Flails
 O Level 27 Armour
 - Level 15.0 Dodging
 - Level 15.0 Shields
 + Level 19.2 Evocations


You had 23 spell levels left.
You knew the following spells:

 Your Spells              Type           Power        Failure   Level  Hunger
a - Summon Butterflies    Summ           #.......     73%         1    ##.....
b - Blink                 Tloc           N/A          86%         2    ###....


Dungeon Overview and Level Annotations

Branches:
Dungeon (15/15)            Temple (1/1) D:6            Lair (6/6) D:8
 Shoals (4/4) Lair:2        Snake (4/4) Lair:3        Slime (0/5) Lair:5
    Orc (2/2) D:11            Elf (0/3) Orc:2        Vaults (5/5) D:13
  Crypt (0/3) Vaults:3     Depths (5/5) D:15            Zot (5/5) Depths:5

Altars:
Ashenzari
Cheibriados
Dithmenos
Elyvilon
Fedhas
Gozag
Hepliaklqana
Kikubaaqudgha
Makhleb
Nemelex Xobeh
Okawaru
Qazlal
Ru
Sif Muna
Trog
Uskayaw
Vehumet
Wu Jian
Xom
Yredelemnul
Zin
The Shining One
Jiyva

Shops:
D:4 :   D:7 ([}   D:8 (   D:11 [   D:12 }   D:15 [?   Orc:1 =   Orc:2 *[?(
Lair:1 [   Lair:2 [   Lair:5 =   Shoals:1 !   Shoals:3 =   Shoals:4 :(:
Snake:1 [%   Snake:3 (   Snake:4 [   Vaults:2 [:[[   Vaults:3 !   Vaults:4 ?*}%

Portals:
Hell: Depths:1 Depths:2 Depths:3 Depths:4 Depths:5
Abyss: Depths:4
Pandemonium: Depths:3
Ziggurat: Depths:1

Annotations:
D:4 Sigmund
D:6 exclusion: statue
Lair:1 exclusion: oklob plant
Lair:5 1 runed door
Shoals:2 exclusion: downstairs
Shoals:3 Roxanne
Zot:2 1 transporter


Innate Abilities, Weirdness & Mutations

You are resistant to torment.
Your stone body is resilient. (AC +20)
You are immune to poison.
Your large and strong wings let you fly indefinitely.
You resist negative energy. (rN+)
You are resistant to electric shocks. (rElec)
You can survive without breathing.
You are immune to petrification.
You are immune to rotting.
Your mind is very acute. (Int +4)
You are resistant to hostile enchantments. (MR+)
You passively map a small area around you.
You are very weak. (Str -4)
Your spells are a little harder to cast, but a little more powerful.


Message History

You hit the Ice Fiend but do no damage.
The Ice Fiend is heavily wounded.
You impale the Ice Fiend!!
The Ice Fiend is severely wounded.
You block the Ice Fiend's attack. x2
You puncture the Ice Fiend!
The Ice Fiend is almost dead.
You impale the Ice Fiend!!
You kill the Ice Fiend!
You stick the shadow demon like a pincushion!!!
The shadow demon is severely wounded.
You puncture the shadow demon!
The shadow demon is almost dead.
You pound the shadow demon like an anvil!!!
You kill the shadow demon!
You see here a whip.
There is an open door here.
There is an open door here.
There is a staircase leading out of the dungeon here.
You have escaped!

#.........# #.# #...
#########.# #.# #.## #.#
###.# #.##
##########.####...#####.##
#..........##...#....)..##
#.###########'###########
#######.# #..## #..(....#
###'#+### #.#######
#@..#...# #.# ###+#'#.#
#.# #..##.##### #.#
###'#.....# #.###########
#...###.# #...........#
###.#.#.######
###########.#
###...#....... #.#
#.....######## #.#
##.####......)


There were no monsters in sight!

Vanquished Creatures
  5 orbs of fire
  6 ancient liches
  3 juggernauts
  Sojobo (Depths:4)
  2 Killer Klowns
  2 curse toes (Zot:2)
  Saint Roka (Orc:2)
  Vashnia (Snake:2)
  6 golden dragons
  Nikola (Snake:4)
  Jorgrun (Shoals:3)
  8 liches
  A Cloud Mage (WizLab)
  6 electric golems
  2 Ice Fiends
  24 tentacled monstrosities
  5 quicksilver dragons
  6 titans
  18 Orb Guardians
  4 sphinxes
  3 krakens
  Frances (Lair:3)
  4 tentacled starspawn
  An Executioner (Depths:5)
  Donald (Snake:3)
  10 death cobs
  14 shadow dragons
  17 storm dragons
  13 draconian monks
  7 nagarajas
  17 tengu reavers
  Ilsuiw (Shoals:3)
  A revenant (Vaults:3)
  15 frost giants
  15 fire giants
  5 draconian scorchers
  12 vault wardens
  An iron dragon (Depths:2)
  A deep elf sorcerer (Vaults:4)
  2 ghost moths (Zot:1)
  Aizul (Shoals:3)
  2 draconian knights (Zot:3)
  4 draconian shifters
  A cacodemon (Depths:1)
  A ghoul (Vaults:3)
  3 draconian stormcallers
  6 draconian annihilators
  20 ironheart preservers
  A spriggan defender (Depths:4)
  26 stone giants
  2 war gargoyles (Vaults:5)
  34 very ugly things
  An entropy weaver (Vaults:4)
  A starcursed mass (Abyss:2)
  13 black draconians
  4 vampire knights
  8 white draconians
  The ghost of Wanze the Thaumaturge, a journeyman GnWn of Yredelemnul (Lair:5)
  8 red draconians
  2 deep elf annihilators
  Azrael (D:15)
  11 purple draconians
  5 deep elf demonologists
  10 yellow draconians
  15 green draconians
  A spark wasp (shapeshifter) (Vaults:5)
  12 spark wasps
  17 ettins
  5 deep elf death magi
  An eidolon (Vaults:3)
  A blizzard demon (WizLab)
  Snorg (Lair:3)
  6 merfolk javelineers
  2 jiangshi (Depths:4)
  19 fire dragons
  A minotaur (Shoals:3)
  11 merfolk impalers
  24 yaktaur captains
  A minotaur (shapeshifter) (Vaults:5)
  Josephine (D:11)
  14 ice dragons
  8 great orbs of eyes
  3 deep elf high priests (Vaults:5)
  The ghost of turnburgler the Spear-Bearer, a journeyman DrSk of Elyvilon (D:11)
  12 rakshasas
  6 hydras
  7 spriggan air magi
  29 vault guards
  14 anacondas
  2 alligator snapping turtles
  3 merfolk avatars
  A hell beast (Zot:2)
  A catoblepas (Zot:1)
  16 naga warriors
  2 ghost crabs (WizLab)
  9 merfolk aquamancers
  4 vampire magi
  14 centaur warriors
  11 death yaks
  9 deep troll shamans
  The ghost of nikopol the Cleaver, a journeyman GrFi of Okawaru (Lair:1)
  15 ogre magi
  5 satyrs
  32 two-headed ogres
  4 orc high priests
  A hell hog (Zot:5)
  13 deep troll earth magi
  A small abomination (Depths:3)
  A thrashing horror (Abyss:2)
  23 naga sharpshooters
  3 spriggan berserkers
  7 deep elf knights
  10 shock serpents
  2 soul eaters
  9 tengu warriors
  Sonja (D:13)
  An iron troll (Depths:1)
  10 hell knights
  3 fire crabs (WizLab)
  4 salamander mystics
  A spatial maelstrom (Abyss:5)
  12 skeletal warriors
  A golden dragon zombie (Depths:3)
  2 sea snakes (shapeshifter)
  3 sixfirhies
  32 deep trolls
  2 death drakes (WizLab)
  5 glowing orange brains
  10 sea snakes
  8 flayed ghosts
  4 unseen horrors
  A shadow demon (D:1)
  A kraken simulacrum (Shoals:4)
  3 deep elf archers
  8 naga ritualists
  7 wizards
  A phantasmal warrior (Vaults:5)
  A lindwurm (Lair:5)
  19 orc knights
  29 harpies
  An orb spider (shapeshifter) (Depths:4)
  16 ironbrand convokers
  7 orc sorcerers
  15 deep elf magi
  7 mana vipers
  An orb spider (Zot:2)
  A cyclops (shapeshifter) (Vaults:1)
  4 necromancers
  16 fauns
  2 cyclopes
  17 manticores
  6 wolf spiders
  20 moths of wrath
  A salamander (shapeshifter) (Vaults:3)
  13 salamanders
  5 large abominations
  58 ugly things
  11 merfolk sirens
  A guardian serpent (shapeshifter) (Vaults:4)
  14 vault sentinels
  6 apocalypse crabs (WizLab)
  11 elephants
  Maurice (Orc:1)
  45 black mambas
  3 guardian serpents
  An ice statue (IceCv)
  29 naga magi
  6 water nymphs
  A smoke demon (Depths:1)
  A gargoyle (D:14)
  2 rime drakes
  12 komodo dragons
  28 spiny frogs
  An efreet (D:14)
  A kobold demonologist (D:13)
  52 yaktaurs
  A redback zombie (D:14)
  3 hellwings
  An ancient zyme (Abyss:2)
  An ice devil (D:1)
  A rime drake (shapeshifter) (Vaults:3)
  3 jumping spiders (Zot:1)
  3 tengu conjurers
  3 meliai (Shoals:3)
  A meliai (shapeshifter) (Depths:3)
  3 tyrant leeches (Lair:6)
  A red devil (D:1)
  40 merfolk
  A wind drake (shapeshifter) (Vaults:2)
  A polar bear (shapeshifter) (Vaults:3)
  17 polar bears (IceCv)
  6 trolls
  9 wind drakes
  A meliai zombie (D:14)
  9 hornets
  12 hippogriffs
  12 snapping turtles
  38 slime creatures
  24 blink frogs
  A redback (Vaults:4)
  4 spriggans
  A tarantella (shapeshifter) (Abyss:2)
  28 water elementals
  13 air elementals (WizLab)
  2 tarantellas (Zot:1)
  7 wyverns
  A shadow (D:11)
  4 wraiths
  A human (shapeshifter) (Vaults:3)
  A fire bat (Abyss:2)
  Eustachio (D:6)
  4 basilisks
  A golden eye (shapeshifter) (Depths:1)
  45 yaks
  3 hungry ghosts
  4 fire elementals (D:15)
  Grum (D:11)
  2 steam dragons
  14 vampire mosquitoes
  6 wargs
  44 nagas
  11 hell hounds
  5 porcupines
  14 water moccasins
  42 orc warriors
  A sky beast (shapeshifter) (Vaults:2)
  2 ice beasts
  3 black bears
  3 sky beasts
  41 ogres
  3 phantoms
  2 eyes of draining
  An eye of draining (shapeshifter) (Depths:4)
  20 boggarts
  15 wolves
  47 centaurs
  7 crocodiles
  A gnoll sergeant (D:12)
  A big kobold (D:8)
  36 bullfrogs
  A scorpion (shapeshifter) (Vaults:4)
  2 scorpions
  An elf simulacrum (Vaults:1)
  17 wights
  3 killer bees (D:11)
  3 electric eels
  2 howler monkeys
  5 crimson imps
  2 centaur zombies
  4 bullfrog zombies
  3 bullfrog skeletons
  An iron imp (Zot:1)
  4 hounds
  Crazy Yiuf (D:5)
  A gnoll shaman (Orc:1)
  36 orc priests
  Terence (D:3)
  10 centaur skeletons
  2 jellies
  42 orc wizards
  6 iguanas
  13 worker ants
  2 hound zombies
  Robin (D:3)
  A worker ant zombie (D:7)
  26 gnolls
  15 adders
  A howler monkey skeleton (D:7)
  2 shadow imps (D:6)
  An ufetubus (Depths:5)
  2 oozes (D:1)
  4 worms
  A dart slug (D:1)
  4 leopard geckos
  84 orcs
  10 bats
  5 giant cockroaches
  23 goblins
  12 hobgoblins
  12 jackals
  9 kobolds
  7 quokkas
  A bat (shapeshifter) (Vaults:5)
  10 frilled lizards
  A jackal skeleton (D:5)
  A leopard gecko skeleton (D:5)
  A quokka skeleton (D:6)
  9 rats
  A crawling corpse (Depths:3)
  A fungus (Depths:4)
  2 starspawn tentacles (Abyss:2)
  A tentacle (Shoals:1)
2450 creatures vanquished.

Vanquished Creatures (collateral kills)
  A Killer Klown (Zot:5)
  4 Orb Guardians (Zot:5)
  A draconian knight (Zot:5)
  A green draconian (Zot:5)
  A black draconian (Zot:5)
  A crimson imp (Zot:1)
  An ufetubus (Zot:1)
10 creatures vanquished.

Vanquished Creatures (others)
  A pandemonium lord (Zot:5)
  A Killer Klown (Zot:5)
  Asterion (Snake:2)
  5 Orb Guardians (Zot:5)
  A reaper (Zot:5)
  2 black draconians (Zot:5)
  2 blizzard demons (WizLab)
  A ghost crab (WizLab)
  An ogre mage (Depths:4)
  5 dancing weapons
  A naga ritualist (Snake:4)
  2 black mambas (Snake:4)
  2 orange demons
  An ice devil (Zot:5)
  A hornet (Zot:1)
  2 wind drakes (WizLab)
  An air elemental (WizLab)
  A hell hound (Zot:5)
  2 wolves (IceCv)
  An ogre (Vaults:5)
  2 orcs (Orc:2)
  23 fungi
  53 plants
  4 starspawn tentacles (Abyss:2)
  26 tentacles
142 creatures vanquished.

Grand Total: 2602 creatures vanquished

Notes
Turn   | Place    | Note
-------+----------+-------------------------------------------
     0 | D:1      | Kenran the Gargoyle Fighter began the quest for the Orb.
     0 | D:1      | Reached XP level 1. HP: 14/14 MP: 1/1
    32 | D:1      | Reached XP level 2. HP: 8/19 MP: 2/2
   313 | D:1      | Reached XP level 3. HP: 20/23 MP: 3/3
   908 | D:1      | Reached XP level 4. HP: 16/28 MP: 4/4
  1824 | D:2      | Reached skill level 5 in Maces & Flails
  1955 | D:3      | Reached XP level 5. HP: 24/32 MP: 5/5
  2177 | D:3      | Noticed Robin
  2220 | D:3      | Killed Robin
  2727 | D:3      | Noticed Terence
  2741 | D:3      | Killed Terence
  2914 | D:4      | Found Mahaedghu's Book Shoppe.
  2937 | D:4      | Reached XP level 6. HP: 26/37 MP: 6/6
  3376 | D:4      | Noticed Sigmund
  3476 | D:4      | Found a sacrificial altar of Ru.
  3481 | D:4      | Found a blossoming altar of Fedhas.
  3647 | D:4      | Found a shattered altar of Ashenzari.
  3722 | D:5      | Entered Level 5 of the Dungeon
  3845 | D:5      | Reached XP level 7. HP: 41/41 MP: 7/7
  4236 | D:5      | Found a runed door.
  4753 | D:5      | Reached XP level 8. HP: 46/48 MP: 8/8
  4866 | D:5      | Noticed Crazy Yiuf
  4875 | D:5      | Killed Crazy Yiuf
  4997 | D:6      | Found a radiant altar of Vehumet.
  5190 | D:6      | Found a staircase to the Ecumenical Temple.
  5305 | D:6      | Found a deep blue altar of Sif Muna.
  5315 | D:6      | Noticed Eustachio
  5367 | D:6      | Killed Eustachio
  5367 | D:6      | Reached skill level 5 in Fighting
  5367 | D:6      | Reached skill level 5 in Armour
  5830 | Temple   | Entered the Ecumenical Temple
  6042 | Temple   | Became a worshipper of Gozag Ym Sagoz the Greedy
  6121 | D:7      | Found a shadowy altar of Dithmenos.
  6168 | D:7      | Found Pefiybet's Antique Armour Shop.
  6230 | D:7      | Found Quopov's Weapon Shoppe.
  6606 | D:6      | Reached XP level 9. HP: 51/55 MP: 9/9
  6703 | D:7      | Found Juzeno's Antique Weapon Shop.
  6724 | D:7      | Reached skill level 10 in Maces & Flails
  6809 | D:7      | Found Vehepu's Gadget Boutique.
  7232 | D:8      | Found a staircase to the Lair.
  7295 | D:8      | Found a white marble altar of Elyvilon.
  7338 | D:8      | Noticed a two-headed ogre
  7395 | D:8      | You fall through a shaft for 2 floors!
  7395 | D:10     | Entered Level 10 of the Dungeon
  7577 | D:9      | Found a stormy altar of Qazlal.
  8179 | D:8      | Found a hazy altar of Hepliaklqana.
  8210 | D:8      | Reached XP level 10. HP: 64/64 MP: 10/10
  8385 | D:8      | Killed a two-headed ogre
  8559 | D:8      | Found a snail-covered altar of Cheibriados.
  8606 | D:8      | Found Xotukhlaa's Weapon Shop.
  8666 | D:8      | Noticed a two-headed ogre
  8671 | D:8      | Killed a two-headed ogre
  9754 | Lair:1   | Entered Level 1 of the Lair of Beasts
  9801 | Lair:1   | Reached XP level 11. HP: 65/71 MP: 9/11
 10034 | Lair:1   | Reached skill level 10 in Fighting
 10258 | Lair:1   | Noticed an oklob plant
 10394 | Lair:1   | Noticed nikopol's ghost (journeyman GrFi)
 10427 | Lair:1   | Killed nikopol's ghost
 10774 | Lair:2   | Reached skill level 1 in Dodging
 11510 | Lair:2   | Found a staircase to the Shoals.
 11586 | Lair:2   | Bought a +1 pair of gloves of strength for 231 gold pieces
 11586 | Lair:2   | Bought a +0 plate armour of fire resistance for 420 gold pieces
 11670 | Lair:3   | Noticed a death yak
 11679 | Lair:2   | Reached XP level 12. HP: 33/77 MP: 4/12
 11888 | Lair:3   | Killed a death yak
 11931 | Lair:3   | Noticed Snorg
 11956 | Lair:3   | Killed Snorg
 11966 | Lair:3   | Found a staircase to the Snake Pit.
 12035 | Lair:3   | Noticed a seven-headed hydra
 12048 | Lair:3   | Killed a seven-headed hydra
 12147 | Lair:3   | Noticed a death yak
 12158 | Lair:3   | Noticed a death yak
 12163 | Lair:3   | Noticed a death yak
 12202 | Lair:3   | Killed a death yak
 12226 | Lair:3   | Killed a death yak
 12352 | Lair:3   | Noticed a death yak
 12353 | Lair:3   | Noticed a death yak
 12354 | Lair:3   | Noticed a death yak
 12356 | Lair:3   | Noticed a death yak
 12371 | Lair:3   | Noticed a death yak
 12372 | Lair:3   | Killed a death yak
 12372 | Lair:3   | Reached skill level 10 in Armour
 12381 | Lair:3   | Killed a death yak
 12386 | Lair:3   | Killed a death yak
 12394 | Lair:3   | Killed a death yak
 12578 | Lair:2   | Killed a death yak
 12578 | Lair:2   | Reached skill level 5 in Dodging
 12589 | Lair:2   | Killed a death yak
 12589 | Lair:2   | Reached skill level 1 in Evocations
 13498 | Lair:4   | Reached XP level 13. HP: 82/83 MP: 14/14
 14037 | Lair:5   | Found a runed door.
 14037 | Lair:5   | Found a viscous altar of Jiyva.
 14037 | Lair:5   | Found a staircase to the Slime Pits.
 14037 | Lair:5   | Noticed an azure jelly
 14518 | Lair:5   | Reached skill level 5 in Evocations
 14778 | Lair:5   | Noticed Wanze's ghost (journeyman GnWn)
 14807 | Lair:5   | Killed Wanze's ghost
 14916 | Lair:6   | Entered Level 6 of the Lair of Beasts
 15307 | Lair:6   | Reached skill level 15 in Maces & Flails
 15592 | Lair:5   | Gained mutation: Your large and strong wings let you fly indefinitely. [Gargoyle growth]
 15592 | Lair:5   | Reached XP level 14. HP: 57/94 MP: 10/18
 16406 | Lair:6   | Reached skill level 15 in Fighting
 16569 | Lair:6   | Learned a level 1 spell: Summon Butterflies
 16575 | Lair:6   | Got a sparkling amber ring
 16927 | Lair:6   | Identified the ring "Iviuho" {rPois Str-3 Int+7 Slay+2} (You found it on level 6 of the Lair of Beasts)
 17076 | Lair:1   | Bought a pair of glowing boots for 180 gold pieces
 17076 | Lair:1   | Bought an embroidered cloak for 180 gold pieces
 17098 | Lair:1   | Bought a pair of embroidered boots for 180 gold pieces
 17338 | D:11     | Noticed Josephine
 17369 | D:11     | Killed Josephine
 17443 | D:11     | Found a frozen archway.
 17451 | IceCv    | Entered an ice cave
 17618 | IceCv    | Got a brightly glowing bardiche
 17623 | IceCv    | Identified the +11 bardiche "Ziqugom" {pain, Int-2 Dex+3 Stlth+} (You found it in an ice cave)
 18081 | IceCv    | Noticed a frost giant
 18131 | IceCv    | Killed a frost giant
 18228 | IceCv    | Identified the Reference Book on Snow
 18327 | D:11     | Noticed Grum
 18329 | D:11     | Found an ancient bone altar of Kikubaaqudgha.
 18345 | D:11     | Killed Grum
 18553 | D:11     | Found a staircase to the Orcish Mines.
 18562 | D:11     | Reached XP level 15. HP: 90/103 MP: 15/19
 18665 | D:11     | Found a bloodstained altar of Trog.
 18875 | D:12     | Found Woxitoq's Gadget Boutique.
 20315 | D:13     | Found a gate to the Vaults.
 20428 | D:13     | Noticed Sonja
 20442 | D:13     | Killed Sonja
 20500 | D:13     | Got a jewelled whip
 20501 | D:13     | Identified the +7 whip "Xaceg" {antimagic, *Slow rC+ MP+9 Str+3} (You found it on level 13 of the Dungeon)
 21445 | D:14     | Identified Fainnos's Catalogue of Dhcmrlchtdj
 21452 | D:14     | Identified the Compendium of Sand
 22154 | D:14     | Cast into level 2 of the Abyss (a wizard)
 22257 | Abyss:2  | Paralysed by a great orb of eyes for 3 turns
 22309 | Abyss:2  | Noticed a tentacled starspawn
 22317 | Abyss:2  | Killed a tentacled starspawn
 22317 | Abyss:2  | Reached XP level 16. HP: 78/110 MP: 18/20
 22417 | Abyss:2  | Noticed a tentacled starspawn
 22425 | Abyss:2  | Killed a tentacled starspawn
 22540 | Abyss:2  | Noticed a tentacled starspawn
 22554 | Abyss:2  | Killed a tentacled starspawn
 22559 | D:14     | Escaped the Abyss
 22585 | D:14     | Identified Ts'ui Pên's Catalogue of Forking Paths
 22768 | D:15     | Entered Level 15 of the Dungeon
 22786 | D:15     | Bought a scroll of identify for 38 gold pieces
 22999 | D:15     | Noticed Azrael
 23029 | D:15     | Killed Azrael
 23217 | D:15     | Paralysed by an ogre mage for 5 turns
 23265 | D:15     | Found a staircase to the Depths.
 23899 | Orc:1    | Entered Level 1 of the Orcish Mines
 23964 | Orc:1    | Found Voum's Jewellery Shoppe.
 24567 | Orc:2    | Entered Level 2 of the Orcish Mines
 24567 | Orc:2    | Noticed Maurice
 24579 | Orc:1    | Killed Maurice
 24655 | Orc:2    | Found a staircase to the Elven Halls.
 25688 | Orc:2    | Noticed Saint Roka
 26049 | Orc:2    | Killed Saint Roka
 26659 | Orc:2    | Found Temikh's Magic Scroll Boutique.
 26659 | Orc:2    | Found Acuutini's General Store.
 26660 | Orc:2    | Found Ytamewk's Armour Shop.
 26663 | Orc:2    | Found Nusyllel's Weapon Boutique.
 26684 | Orc:2    | Bought 2 potions of heal wounds for 150 gold pieces
 27302 | Snake:1  | Entered Level 1 of the Snake Pit
 27302 | Snake:1  | Noticed Frances
 27391 | Lair:3   | Killed Frances
 27429 | Snake:1  | Reached XP level 17. HP: 101/119 MP: 17/21
 28042 | Snake:1  | Found Quoxam's Food Shoppe.
 28042 | Snake:1  | Found Simolah's Antique Armour Emporium.
 28660 | Snake:2  | Noticed Asterion
 28680 | Snake:2  | Killed Asterion
 29498 | Snake:2  | Noticed Vashnia
 29565 | Snake:2  | Killed Vashnia
 30353 | Snake:3  | Noticed Donald
 30378 | Snake:3  | Killed Donald
 30603 | Lair:2   | Bought a +0 shield of fire resistance for 161 gold pieces
 30786 | Snake:3  | Reached XP level 18. HP: 87/125 MP: 15/22
 30795 | Snake:3  | Reached skill level 5 in Shields
 31218 | Snake:4  | Entered Level 4 of the Snake Pit
 31642 | Snake:4  | Noticed Nikola
 31864 | Snake:4  | Killed Nikola
 32075 | Snake:4  | Reached skill level 10 in Shields
 32291 | Snake:4  | Reached skill level 15 in Armour
 32882 | Snake:4  | Found Echucze's Antique Armour Boutique.
 33120 | Snake:4  | Bought a runed helmet for 202 gold pieces
 33418 | Snake:4  | Got a serpentine rune of Zot
 33674 | Shoals:1 | Entered Level 1 of the Shoals
 33850 | Shoals:1 | Reached XP level 19. HP: 126/130 MP: 23/23
 34134 | Shoals:1 | Found Wesoy's Distillery.
 34147 | Shoals:1 | Bought a potion of heal wounds for 75 gold pieces
 34147 | Shoals:1 | Bought a potion of heal wounds for 75 gold pieces
 34147 | Shoals:1 | Bought a potion of heal wounds for 75 gold pieces
 34147 | Shoals:1 | Bought a potion of invisibility for 120 gold pieces
 34147 | Shoals:1 | Bought a potion of haste for 150 gold pieces
 34147 | Shoals:1 | Bought a potion of resistance for 150 gold pieces
 35342 | Shoals:2 | Found a radiant altar of Vehumet.
 35521 | Shoals:3 | Noticed Ilsuiw
 35521 | Shoals:3 | Noticed Aizul
 35608 | Shoals:3 | Noticed Jorgrun
 35633 | Shoals:3 | Killed Jorgrun
 35647 | Shoals:3 | Noticed Roxanne
 35713 | Shoals:3 | Found Weis's Jewellery Shoppe.
 36322 | Shoals:3 | Killed Aizul
 36347 | Shoals:3 | Reached skill level 15 in Shields
 36757 | Shoals:3 | Killed Ilsuiw
 37187 | Shoals:3 | Found a hide-covered altar of Uskayaw.
 37588 | Shoals:4 | Entered Level 4 of the Shoals
 37588 | Shoals:4 | Found Nerod's Book Shoppe.
 37748 | Shoals:4 | Reached XP level 20. HP: 139/139 MP: 24/24
 37946 | Shoals:4 | Got a heavily runed emerald amulet
 37947 | Shoals:4 | Identified the amulet "Raommesk" {Spirit rElec} (You found it on level 4 of the Shoals)
 38297 | Shoals:4 | Got a translucent golden amulet
 38664 | Shoals:4 | Got a barnacled rune of Zot
 38856 | Shoals:4 | Found Heamam's Weapon Shoppe.
 38886 | Shoals:4 | Got a heavily runed crystal plate armour
 38901 | Shoals:4 | Identified the +2 crystal plate armour "Akhlier" {rElec Dex+9} (You found it on level 4 of the Shoals)
 38938 | Shoals:4 | Found Xesifer's Book Boutique.
 39346 | D:11     | Noticed turnburgler's ghost (journeyman DrSk)
 39360 | D:11     | Killed turnburgler's ghost
 39396 | Vaults:1 | Entered Level 1 of the Vaults
 39741 | Vaults:1 | Paralysed by an orc sorcerer for 4 turns
 39851 | Vaults:1 | Identified the amulet "Sihiam" {Spirit rPois Int+3} (You found it on level 4 of the Shoals)
 39902 | Vaults:1 | Got a faintly glowing great mace
 39905 | Vaults:1 | Identified the cursed +1 great mace of the Moon {venom, Int+9} (You found it on level 1 of the Vaults)
 40703 | Vaults:1 | Reached XP level 21. HP: 132/146 MP: 22/25
 40902 | Vaults:2 | Found Ahiet's Antique Armour Boutique.
 40925 | Vaults:2 | Bought an encrusted helmet for 323 gold pieces
 40925 | Vaults:2 | Identified the +0 helmet of Dowkauf {rC+ Str+3 Int-4} (You bought it in a shop on level 2 of the Vaults)
 41553 | Vaults:2 | Found Izatumo's Antique Armour Shoppe.
 41588 | Vaults:2 | Bought a pair of embroidered boots for 180 gold pieces
 41598 | Vaults:2 | Identified a +0 pair of boots of running (You bought it in a shop on level 2 of the Vaults)
 41793 | Vaults:2 | Reached skill level 10 in Dodging
 41865 | Vaults:2 | Found Kaos's Armour Shoppe.
 41937 | Vaults:2 | Found Maiv's Book Emporium.
 42098 | Vaults:2 | Found a radiant altar of Vehumet.
 42124 | Vaults:2 | Got an encrusted hat
 42135 | Vaults:2 | Identified the cursed +0 hat of Essox {Regen+} (You found it on level 2 of the Vaults)
 42143 | Vaults:2 | Got an ichor-stained hat
 42150 | Vaults:2 | Identified the +1 hat of the Lost Lives {rF- MR+ Slay+2 Stlth+} (You found it on level 2 of the Vaults)
 42960 | Vaults:3 | Found Ateust's Distillery.
 43278 | Vaults:3 | Found a staircase to the Crypt.
 43415 | Vaults:3 | Bought a potion of agility for 52 gold pieces
 43510 | Vaults:3 | Reached skill level 10 in Evocations
 43984 | Vaults:3 | Reached XP level 22. HP: 152/152 MP: 28/30
 44460 | Vaults:4 | Found a magical portal.
 44704 | WizLab   | Entered The Chambers of the Cloud Mage
 45351 | WizLab   | Paralysed by you for 3 turns
 45895 | WizLab   | Found the +4 robe of Augmentation {Str+4 Int+4 Dex+4}
 45912 | WizLab   | Got a scorched lead ring
 45913 | WizLab   | Identified the ring of Hepliaklqana's Esteem {+Fly rPois rC- Str+3} (You found it in a wizard's laboratory)
 45946 | WizLab   | Identified the Volume of the Birds
 45954 | WizLab   | Learned a level 2 spell: Blink
 46118 | Vaults:4 | Found Kuwn's Food Shop.
 46129 | Vaults:4 | Bought a ration for 65 gold pieces
 46129 | Vaults:4 | Bought a ration for 65 gold pieces
 46129 | Vaults:4 | Bought a ration for 65 gold pieces
 46129 | Vaults:4 | Bought a ration for 65 gold pieces
 46196 | Vaults:4 | Found Dour Jene's Gadget Emporium.
 46536 | Vaults:4 | Found Mirghoq's Magic Scroll Shop.
 46544 | Vaults:4 | Bought a scroll of enchant weapon for 97 gold pieces
 46544 | Vaults:4 | Bought a scroll of enchant armour for 97 gold pieces
 46634 | Vaults:4 | Found Helinniawn's General Store.
 46642 | Vaults:4 | Bought a potion of berserk rage for 95 gold pieces
 47169 | Depths:1 | Entered Level 1 of the Depths
 47539 | Depths:1 | Found a gateway to a ziggurat.
 47845 | Depths:1 | Reached XP level 23. HP: 162/162 MP: 31/31
 48292 | Depths:1 | Found a gateway to Hell.
 50698 | Depths:3 | Noticed an ancient lich
 50716 | Depths:3 | Killed an ancient lich
 50796 | Depths:3 | Identified the Reference Book on Dark Magic
 50953 | Depths:3 | Reached XP level 24. HP: 148/168 MP: 30/33
 50999 | Depths:3 | Found a one-way gate leading to the halls of Pandemonium.
 51757 | Depths:3 | Reached skill level 15 in Evocations
 51971 | Depths:3 | Got a brightly glowing turquoise ring
 51972 | Depths:3 | Identified the ring "Ycwed" {+Blink AC+3 Str+3} (You found it on level 3 of the Depths)
 52047 | Depths:4 | Noticed a juggernaut
 52075 | Depths:4 | Killed a juggernaut
 52241 | Depths:4 | Found a one-way gate to the infinite horrors of the Abyss.
 52300 | Depths:4 | Found a white marble altar of Elyvilon.
 52300 | Depths:4 | Found a radiant altar of Vehumet.
 52493 | Depths:4 | Found a sparkling altar of Nemelex Xobeh.
 52558 | Depths:4 | Paralysed by a sphinx for 3 turns
 53129 | Depths:4 | Noticed Sojobo
 53148 | Depths:4 | Killed Sojobo
 53314 | Depths:4 | Reached XP level 25. HP: 146/178 MP: 32/34
 53511 | Depths:4 | Noticed a juggernaut
 53522 | Depths:4 | Killed a juggernaut
 53942 | Depths:5 | Entered Level 5 of the Depths
 53949 | Depths:5 | Noticed a juggernaut
 53963 | Depths:5 | Killed a juggernaut
 55408 | Depths:5 | Found a gate to the Realm of Zot.
 56165 | Vaults:5 | Entered Level 5 of the Vaults
 56338 | Vaults:4 | Reached XP level 26. HP: 182/184 MP: 33/34
 56352 | Vaults:4 | Reached skill level 15 in Dodging
 56512 | Vaults:5 | Identified a scroll of acquirement
 57004 | Vaults:5 | Got a translucent turquoise ring
 57008 | Vaults:5 | Identified the ring "Megaryci" {rC+ Dex+3} (You took it off an ogre mage on level 5 of the Vaults)
 57014 | Vaults:5 | Got a bound gossamer ring
 57441 | Vaults:5 | Noticed an ancient lich
 57454 | Vaults:5 | Killed an ancient lich
 57617 | Vaults:5 | Identified the ring of Limitation {rF+ MP+9} (You took it off a tengu reaver on level 5 of the Vaults)
 57621 | Vaults:5 | Identified the +5 chain mail "Mauwerchall" {rF- Regen+ Dex+4 Stlth+} (You acquired it on level 5 of the Vaults)
 57651 | Vaults:5 | Reached XP level 27. HP: 193/193 MP: 34/34
 57670 | Vaults:5 | Identified the Catalogue of Transformation and Evil
 58431 | Vaults:5 | Got a silver rune of Zot
 59102 | Zot:1    | Entered Level 1 of the Realm of Zot
 60673 | Zot:1    | Reached skill level 27 in Fighting
 61042 | Zot:1    | Found a stormy altar of Qazlal.
 61042 | Zot:1    | Noticed an ancient lich
 61060 | Zot:1    | Killed an ancient lich
 61684 | Zot:2    | Noticed an orb of fire
 61684 | Zot:2    | Gained mutation: You are covered in fur. (AC +1) [an orb of fire]
 61737 | Zot:2    | Gained mutation: You are weak. (Str -2) [an orb of fire]
 61738 | Zot:2    | Gained mutation: You are very weak. (Str -4) [an orb of fire]
 62304 | Zot:2    | Found a transporter.
 62475 | Zot:2    | Gained mutation: Armour fits poorly on your strangely shaped body. [an orb of fire]
 62484 | Zot:2    | Killed an orb of fire
 62899 | Zot:2    | Identified the Guide on Cankerous Lightness
 65401 | Zot:5    | Entered Level 5 of the Realm of Zot
 65596 | Zot:5    | Noticed an ancient lich
 65599 | Zot:5    | Killed an ancient lich
 65940 | Zot:5    | Noticed an ancient lich
 65957 | Zot:5    | Killed an ancient lich
 65957 | Zot:5    | Reached skill level 27 in Armour
 65969 | Zot:5    | Noticed an ancient lich
 65979 | Zot:5    | Cast into level 5 of the Abyss (an ancient lich)
 65979 | Abyss:5  | Entered Level 5 of the Abyss
 66028 | Zot:5    | Escaped the Abyss
 66046 | Zot:5    | Killed an ancient lich
 66171 | Zot:5    | Noticed an orb of fire
 66173 | Zot:5    | Gained mutation: Your body sometimes deteriorates upon taking damage. [an orb of fire]
 66189 | Zot:5    | Gained mutation: Scrolls take you a little longer to read. [an orb of fire]
 66194 | Zot:5    | Gained mutation: You occasionally shout uncontrollably at your foes. [an orb of fire]
 66196 | Zot:5    | Gained mutation: You do not regenerate when monsters are visible. [an orb of fire]
 66200 | Zot:5    | Gained mutation: You are dopey. (Int -2) [an orb of fire]
 66203 | Zot:5    | Gained mutation: Scrolls take you longer to read. [an orb of fire]
 66205 | Zot:5    | Killed an orb of fire
 66233 | Zot:5    | Noticed an orb of fire
 66235 | Zot:5    | Gained mutation: You are clumsy. (Dex -2) [an orb of fire]
 66247 | Zot:5    | Killed an orb of fire
 66639 | Zot:5    | Noticed an orb of fire
 66641 | Zot:5    | Gained mutation: Scrolls take you much longer to read. [an orb of fire]
 66650 | Zot:5    | Gained mutation: Your magical capacity is low. (-10% MP) [an orb of fire]
 66652 | Zot:5    | Killed an orb of fire
 66866 | Zot:5    | Noticed an orb of fire
 66874 | Zot:5    | Gained mutation: Your spells are a little easier to cast, but a little less powerful. [an orb of fire]
 66884 | Zot:5    | Killed an orb of fire
 67213 | Zot:5    | Noticed an orb of fire
 67244 | Zot:5    | Got the Orb of Zot
 67249 | Zot:5    | Noticed an orb of fire
 67250 | Zot:5    | Noticed an orb of fire
 67340 | Zot:5    | Killed Puxkum the pandemonium lord
 67518 | Depths:5 | Lost mutation: You are clumsy. (Dex -2) [potion of mutation]
 67518 | Depths:5 | Lost mutation: You occasionally shout uncontrollably at your foes. [potion of mutation]
 67518 | Depths:5 | Lost mutation: Your body sometimes deteriorates upon taking damage. [potion of mutation]
 67518 | Depths:5 | Gained mutation: You are agile. (Dex +2) [potion of mutation]
 67519 | Depths:5 | Lost mutation: You are dopey. (Int -2) [potion of mutation]
 67519 | Depths:5 | Lost mutation: Armour fits poorly on your strangely shaped body. [potion of mutation]
 67519 | Depths:5 | Lost mutation: You are agile. (Dex +2) [potion of mutation]
 67519 | Depths:5 | Lost mutation: You do not regenerate when monsters are visible. [potion of mutation]
 67519 | Depths:5 | Gained mutation: You passively map a small area around you. [potion of mutation]
 67519 | Depths:5 | Gained mutation: You possess an exceptional clarity of mind. [potion of mutation]
 67519 | Depths:5 | Gained mutation: Your mind is acute. (Int +2) [potion of mutation]
 67520 | Depths:5 | Lost mutation: Your magical capacity is low. (-10% MP) [potion of mutation]
 67520 | Depths:5 | Lost mutation: Your mind is acute. (Int +2) [potion of mutation]
 67520 | Depths:5 | Lost mutation: You possess an exceptional clarity of mind. [potion of mutation]
 67520 | Depths:5 | Lost mutation: Scrolls take you much longer to read. [potion of mutation]
 67520 | Depths:5 | Gained mutation: Your mind is acute. (Int +2) [potion of mutation]
 67521 | Depths:5 | Lost mutation: Your spells are a little easier to cast, but a little less powerful. [potion of mutation]
 67521 | Depths:5 | Lost mutation: Scrolls take you longer to read. [potion of mutation]
 67521 | Depths:5 | Lost mutation: Your mind is acute. (Int +2) [potion of mutation]
 67521 | Depths:5 | Gained mutation: Your mind is acute. (Int +2) [potion of mutation]
 67521 | Depths:5 | Gained mutation: Your spells are a little harder to cast, but a little more powerful. [potion of mutation]
 67521 | Depths:5 | Gained mutation: Your mind is very acute. (Int +4) [potion of mutation]
 67522 | Depths:5 | Lost mutation: You are covered in fur. (AC +1) [potion of mutation]
 67522 | Depths:5 | Lost mutation: Scrolls take you a little longer to read. [potion of mutation]
 67522 | Depths:5 | Gained mutation: You are resistant to hostile enchantments. (MR+) [potion of mutation]
 67565 | Depths:2 | Noticed Zysefu the pandemonium lord
 68096 | D:$      | Escaped with the Orb!

Skill      XL: |  1  2  3  4  5  6  7  8  9 10 11 12 13 14 15 16 17 18 19 20 21 22 23 24 25 26 27 |
---------------+----------------------------------------------------------------------------------+-----
Maces & Flails | 3 4 5 6 7 8 9 11 13 14 15 17 20 | 20.0
Fighting       | 5 7 9 10 13 15 16 18 19 20 22 24 25 27 | 27.0
Armour         | 5 7 11 14 15 16 18 20 22 27 | 27.0
Dodging        | 2 5 6 7 10 14 15 | 15.0
Evocations     | 2 6 10 11 14 15 19 | 19.2
Shields        | 4 11 15 | 15.0

Action                   |  1- 3 |  4- 6 |  7- 9 | 10-12 | 13-15 | 16-18 | 19-21 | 22-24 | 25-27 || total
-------------------------+-------+-------+-------+-------+-------+-------+-------+-------+-------++-------
Melee: Flail             |   149 |   300 |   631 |    50 |       |       |       |       |       ||  1130
       Dire flail        |       |       |       |   486 |  1716 |   330 |       |       |       ||  2532
       Great mace        |       |       |       |       |       |   813 |       |       |       ||   813
       Eveningstar       |       |       |       |       |       |   545 |  2021 |  1826 |  2459 ||  6851
Invok: Call Merchant     |       |       |       |     1 |     3 |     3 |       |       |       ||     7
       Potion Petition   |       |       |       |       |       |       |     1 |       |     7 ||     8
       Bribe Branch      |       |       |       |       |       |       |       |       |     2 ||     2
 Abil: Fly               |       |       |       |       |     1 |       |       |     1 |     4 ||     6
       Stop Flying       |       |       |       |       |       |       |       |     2 |     3 ||     5
Evoke: Wand              |       |       |       |     8 |     2 |     4 |       |     2 |     7 ||    23
       Box of beasts     |       |       |       |       |       |     1 |       |       |       ||     1
       Phial of floods   |       |       |       |       |       |       |       |       |     2 ||     2
  Use: Potion            |     1 |       |       |       |     1 |     6 |     2 |     1 |    10 ||    21
       Scroll            |       |     4 |     2 |     9 |    19 |    14 |    17 |     6 |    15 ||    86
 Stab: Distracted        |       |       |       |       |     9 |     7 |    15 |    17 |    35 ||    83
       Petrified         |       |       |       |       |       |       |       |       |     4 ||     4
       Petrifying        |       |       |       |       |       |       |       |       |     1 ||     1
  Eat: Chunk             |       |    10 |     7 |       |       |       |       |       |       ||    17
       Ration            |       |       |     3 |     4 |    11 |    11 |    10 |     9 |    15 ||    63
Armor: Scale mail        |    81 |       |       |       |       |       |       |       |       ||    81
       Ring mail         |    32 |    82 |       |       |       |       |       |       |       ||   114
       Plate armour      |       |    92 |   398 |   209 |  1088 |  1363 |  1054 |   834 |  1384 ||  6422
Dodge: Dodged            |    54 |    80 |    85 |   115 |   708 |   731 |   886 |   641 |  1314 ||  4614
Block: Shield            |   103 |   140 |   277 |    22 |       |   357 |  1503 |   944 |  1757 ||  5103
